 Dungeon Crawl Stone Soup version 0.30-a0-823-geb93a13fce (webtiles) character file.

Game seed: 8508888731122985729

9088 pyrow613 the Cleaver (level 10, -18/91 HPs)
             Began as a Demigod Fighter on Feb 23, 2023.
             Hit by a large rock thrown by a cyclops (36 damage)
             ... on level 11 of the Dungeon on Feb 27, 2023.
             The game lasted 00:36:04 (10573 turns).

pyrow613 the Cleaver (Demigod Fighter)             Turns: 10573, Time: 00:36:05

Health: -18/91     AC: 16    Str: 29    XL:     10   Next: 98%
Magic:  13/13      EV:  9    Int: 10    God:
Gold:   385        SH: 10    Dex:  9    Spells: 9/9 levels left

rFire   + . .      SeeInvis +    a - +1 war axe
rCold   + + .      Faith    .    c - +0 buckler
rNeg    . . .      Spirit   .    r - +5 scale mail of the Albatross {Contam Harm Will++ SInv}
rPois   .          Reflect  +    (no helmet)
rElec   .          Harm     +    u - +2 cloak {rCorr}
rCorr   +          Rampage  .    (no gloves)
Will    +++..                    (no boots) Stlth
                                 i - amulet of reflection
HPRegen 0.35/turn                q - ring of protection from cold
MPRegen 0.13/turn                t - ring "Wethroxig" {Fly rF+ rC+ Dex-4}

@: flying
A: high MP 1, forlorn, divine attributes
a: no special abilities


You were on level 11 of the Dungeon.
You visited 1 branch of the dungeon, and saw 11 of its levels.

You collected 617 gold pieces.
You spent 232 gold pieces at shops.

Inventory:

Hand Weapons
 a - a +1 war axe (weapon)
 b - a +0 sling
 l - a +2 whip of venom
 m - a +0 broad axe
 o - a +1 hand axe of holy wrath
 B - a +5 spear of flaming
 I - a +4 dire flail
Missiles
 f - 4 boomerangs (quivered)
 g - 3 silver boomerangs
 x - 11 poisoned darts
Armour
 c - a +0 buckler (worn)
 r - the +5 scale mail of the Albatross (worn) {Contam Harm Will++ SInv}
   (You bought it in a shop on level 6 of the Dungeon)

   SInv:      It lets you see invisible.
   Contam:    It causes magical contamination when unequipped.
   Harm:      It increases damage dealt and taken.
   Will:      It greatly increases your willpower.
 u - a +2 cloak of preservation (worn)
Jewellery
 i - an amulet of reflection (around neck)
 q - a ring of protection from cold (left hand)
 t - the ring "Wethroxig" (right hand) {Fly rF+ rC+ Dex-4}
   (You found it on level 7 of the Dungeon)

   [ring of flight]

   Dex:       It affects your dexterity (-4).
   rF:        It protects you from fire.
   rC:        It protects you from cold.
   Fly:       It grants you flight.
 w - a ring of magical power
 H - a ring of poison resistance
Wands
 e - a wand of polymorph (12)
 v - a wand of flame (15)
 z - a wand of digging (3)
 L - a wand of mindburst (3)
 N - a wand of paralysis (4)
Scrolls
 j - 4 scrolls of identify
 s - a scroll of fog
 y - a scroll of noise
 A - a scroll of enchant weapon
 C - a scroll of poison
 E - a scroll of enchant armour
 J - a scroll of immolation {unknown}
 K - a scroll of blinking {unknown}
Potions
 d - a potion of might
 h - 4 potions of magic
 k - 4 potions of mutation
 p - a potion of haste
 F - a potion of brilliance
 G - a potion of curing
 M - a potion of resistance {unknown}
Miscellaneous
 n - a phantom mirror


   Skills:
 * Level 9.3 Fighting
 * Level 10.4 Axes
 + Level 6.8 Armour
 + Level 6.7 Shields


You had 9 spell levels left.
You didn't know any spells.
Your spell library contained the following spells:

 Spells                   Type           Power      Damage    Failure   Level
 Beastly Appendage        Tmut           0%         N/A       67%         1
 Static Discharge         Conj/Air       0%         2-2/arc   82%         2
 Wereblood                Tmut           0%         N/A       82%         2
 Portal Projectile        Hex/Tloc       0%         N/A       96%         3
 Spider Form              Tmut/Pois      0%         N/A       96%         3
 Tukima's Dance           Hex            0%         N/A       96%         3
 Vhi's Electric Charge    Tloc/Air       0%         N/A       96%         3
 Arcjolt                  Conj/Air       0%         1d10      100%        5
 Blade Hands              Tmut           0%         N/A       100%        5
 Lightning Bolt           Conj/Air       0%         1d11      100%        5


Dungeon Overview and Level Annotations

Branches:
Dungeon (11/15)            Temple (0/1) D:7             Orc (0/2) D:9
   Lair: D:8-11

Shops:
D:4 [   D:5 *   D:6 [   D:9 (   D:10 (

Annotations:
D:7 1 runed translucent door, tarna41's ghost, novice AtBe
D:10 2 transporters, AuraOfTheDawn's ghost, journeyman TrFi


Innate Abilities, Weirdness & Mutations

You have an increased reservoir of magic. (+10% MP)
You shall have no god before yourself.
Your divine heritage dramatically boosts your attributes as you level up.


Message History

You now have 376 gold pieces (gained 13).
You now have 385 gold pieces (gained 9).
A troll comes into view.
The troll shouts!
You're wearing all the rings you can.
Remove which one? (? for menu, Esc to cancel) < or
q - a ring of protection from cold > or
t - the ring "Wethroxig" {Fly rF+ rC+ Dex-4}
Okay, then.
Unknown command.
Unknown command.
You drop a ring of see invisible.
Found a stone staircase leading down.
The troll closely misses you. You block the troll's attack.
The troll barely misses you.
You closely miss the troll. The troll bites you!
The troll claws you but does no damage. The troll completely misses you.
You closely miss the troll. The troll bites you! The troll claws you.
The troll claws you but does no damage.
You slice the troll!!
The troll is severely wounded.
You block the troll's attack. The troll claws you but does no damage.
The troll barely misses you.
You closely miss the troll.
The troll is severely wounded.
You block the troll's attack. x2; The troll claws you but does no damage.
You slash the troll!
You kill the troll!
The troll leather armour is intact enough to wear.
No target in view!
HP restored.
Things that are here:
a +0 troll leather armour; a troll corpse
j - 4 scrolls of identify (gained 1)
A cyclops comes into view.
The cyclops shouts!
The cyclops throws a large rock.
The large rock hits you!!
The cyclops throws a large rock.
The large rock hits you!!!
* * * LOW HITPOINT WARNING * * *
The cyclops throws a large rock.
The large rock hits you!!
You die...

###....##.....## ....
###....##..##..## ...
.##........###..###..
...........###.....#
##.....##C..##.....#
...###..###..#....#
...##.............#
#..##..#..#####...##
......##..# ##@..#
.....###.## ##...#
.....##..# #.###...#
##...##.## ##.# #..#
##.....######..# #.#
#............<# ...
#..#...####...# .#
#.##.### ##..##
#.##.# ##..#


You could see a cyclops.

Vanquished Creatures
  A two-headed ogre (D:10)
  2 unseen horrors (D:10)
  Psyche (D:8)
  3 trolls
  A wyvern (D:10)
  13 yaks
  3 steam dragons
  2 water moccasins
  2 acid dragons
  A sky beast (D:8)
  2 ice beasts
  2 orc warriors
  An ogre (D:6)
  5 centaurs
  A phantom (D:5)
  2 kobold brigands (D:8)
  A gnoll sergeant (D:10)
  2 bullfrogs
  2 scorpions
  13 wights
  26 killer bees
  8 howler monkeys
  A jelly (D:4)
  3 hounds
  5 orc priests
  A gnoll bouda (D:6)
  7 orc wizards
  8 gnolls
  4 adders
  3 white imps
  3 worms
  6 dart slugs
  38 orcs
  4 bats
  7 endoplasms
  2 giant cockroaches
  5 goblins
  7 hobgoblins
  4 jackals
  10 kobolds
  3 quokkas
  6 ball pythons
  A frilled lizard (D:1)
  7 rats
229 creatures vanquished.

Notes
Turn   | Place    | Note
-------+----------+-------------------------------------------
     0 | D:1      | pyrow613 the Demigod Fighter began the quest for the Orb.
     0 | D:1      | Reached XP level 1. HP: 18/18 MP: 3/3
    94 | D:1      | Reached skill level 2 in Axes
   193 | D:1      | Reached XP level 2. HP: 13/25 MP: 4/4
   349 | D:1      | Reached skill level 3 in Axes
   914 | D:2      | Reached XP level 3. HP: 23/30 MP: 5/5
  1976 | D:3      | Reached skill level 4 in Axes
  2342 | D:4      | Found Gebron's Armour Emporium.
  2459 | D:4      | Reached XP level 4. HP: 37/37 MP: 6/6
  2792 | D:4      | Noticed a bullfrog
  2800 | D:4      | Killed a bullfrog
  2801 | D:4      | Reached skill level 5 in Axes
  2801 | D:4      | Reached XP level 5. HP: 37/42 MP: 7/7
  3318 | D:5      | Entered Level 5 of the Dungeon
  3618 | D:5      | Reached XP level 6. HP: 49/51 MP: 8/8
  4055 | D:5      | Found Zaebaolo's Fire Supplies.
  4216 | D:6      | Noticed a steam dragon
  4235 | D:6      | Killed a steam dragon
  4236 | D:6      | Reached skill level 6 in Axes
  4242 | D:6      | Reached XP level 7. HP: 31/59 MP: 9/9
  4581 | D:6      | Found Vougoef's Antique Armour Emporium.
  4586 | D:6      | Bought a masterwork scale mail for 180 gold pieces
  4586 | D:6      | Identified the +5 scale mail of the Albatross {Contam Harm
                  | Will++ SInv} (You bought it in a shop on level 6 of the
                  | Dungeon)
  4993 | D:7      | Noticed a steam dragon
  5245 | D:7      | Identified the ring "Wethroxig" {Fly rF+ rC+ Dex-4}
  5250 | D:7      | Found a runed translucent door.
  5250 | D:7      | Noticed tarna41's ghost (novice AtBe)
  5324 | D:7      | Killed a steam dragon
  5325 | D:7      | Reached skill level 5 in Fighting
  5325 | D:7      | Reached XP level 8. HP: 60/68 MP: 10/10
  5566 | D:7      | Found a staircase to the Ecumenical Temple.
  5611 | D:7      | Reached skill level 7 in Axes
  6644 | D:8      | Reached XP level 9. HP: 43/78 MP: 11/11
  6664 | D:8      | Reached skill level 8 in Axes
  6704 | D:8      | Reached skill level 5 in Armour
  6834 | D:8      | Noticed Psyche
  6842 | D:8      | Killed Psyche
  6843 | D:8      | Reached skill level 5 in Shields
  7269 | D:8      | Upgraded the game from 0.30-a0-802-gb92711bcdf to
                  | 0.30-a0-823-geb93a13fce
  7652 | D:8      | Reached skill level 9 in Axes
  8017 | D:9      | Reached XP level 10. HP: 73/88 MP: 13/13
  8573 | D:9      | Found a staircase to the Orcish Mines.
  8588 | D:9      | Found Pyperchae's Weapon Emporium.
  8650 | D:10     | Entered Level 10 of the Dungeon
  8650 | D:10     | Found Jagunoiv's Weapon Shop.
  8653 | D:10     | Bought a +0 broad axe for 52 gold pieces
  9071 | D:10     | Reached skill level 10 in Axes
  9650 | D:10     | Found a transporter.
  9655 | D:10     | Noticed AuraOfTheDawn's ghost (journeyman TrFi)
  9656 | D:10     | Found a transporter.
  9656 | D:10     | Noticed a centaur warrior
  9657 | D:10     | Noticed a two-headed ogre
 10084 | D:10     | Noticed a two-headed ogre
 10094 | D:10     | Killed a two-headed ogre
 10543 | D:11     | Noticed a cyclops
 10573 | D:11     | Hit by a large rock thrown by a cyclops

Illustrated notes

Levels and vault maps discovered:
D:1:      dpeg_chamrin_arrival_tetris, layout_basic
D:2:      layout_basic, basic_altar
D:3:      layout_loops_ring, basic_ecumenical_altar, kennysheep_generic_room_13
D:4:      layout_basic, serial_shops, nicolae_shop_hallway_stairs,
          minmay_misc_feat_alley, minmay_misc_feat_chi
D:5:      layout_rooms, nicolae_shop_fire_sale [nicolae_sub_dead_trees]
D:6:      layout_gridville, serial_shops, nicolae_shop_stone
D:7:      layout_basic, minmay_temple_entry_statues,
          hellmonk_ghost_happy_afterlife
D:8:      minmay_recursive_quarters, layout_rooms, tso_oasis_becter,
          nicolae_ossuary_entry_monument, uniq_psyche
D:9:      layout_basic, orc_david_3
D:10:     layout_cave_pods, mainiacjoe_overflow_divided_tiny,
          gammafunk_ghost_arena, nicolae_stop_n_shop_1,
          hangedman_corner_corridor
D:11:     minmay_blocky_corners, layout_layer_cave, david_lair_generic,
          special_room [special_room_orc]

Skill      XL: |  1  2  3  4  5  6  7  8  9 10 |
---------------+-------------------------------+-----
Axes           | 2 3 4 5 6 7 9 10 | 10.4
Fighting       | 3 4 5 6 7 9 |  9.3
Armour         | 3 4 5 6 |  6.8
Shields        | 3 4 5 6 |  6.7

Action                     |  1- 3 |  4- 6 |  7- 9 | 10-12 || total
---------------------------+-------+-------+-------+-------++-------
  Melee: War axe           |    66 |    51 |   279 |   208 ||   604
         Hand axe          |   123 |    45 |       |       ||   168
         Whip              |       |   108 |       |       ||   108
   Fire: Sling             |     9 |       |     8 |       ||    17
  Throw: Boomerang         |       |       |     3 |       ||     3
  Evoke: Wand              |       |       |       |     4 ||     4
         Phantom mirror    |       |       |       |     1 ||     1
    Use: Scroll            |    10 |     1 |     6 |       ||    17
         Potion            |       |     5 |     7 |     2 ||    14
 Armour: Scale mail        |    36 |       |   164 |    73 ||   273
         Plate armour      |    43 |   114 |    10 |       ||   167
         Skin              |       |    12 |       |       ||    12
  Dodge: Dodged            |    59 |    30 |   172 |    60 ||   321
  Block: Buckler           |    31 |    48 |   190 |    88 ||   357
         Reflection        |       |       |     8 |     1 ||     9

Table legend: (Time is in decaauts)
 A = Elapsed time spent in this place.
 B = Non-inter-level travel time spent in this place.
 C = Inter-level travel time spent in this place.
 D = Time resting spent in this place.
 E = Time spent auto-exploring this place.
 F = Levels seen in this place.
 G = Mean time per level.
                   A        B        C        D        E       F      G
               +--------+--------+--------+--------+--------+-----+--------+
         Total |  10700 |  10455 |    245 |   1841 |   6358 |  11 |  972.7 |
       Dungeon |  10700 |  10455 |    245 |   1841 |   6358 |  11 |  972.7 |
               +--------+--------+--------+--------+--------+-----+--------+

Top non-repeatable levels by time:
     D:7: 1555 daAuts
    D:10: 1407 daAuts
     D:9: 1334 daAuts
     D:8: 1174 daAuts
     D:4: 1044 daAuts
     D:3: 979 daAuts
     D:1: 847 daAuts
     D:6: 803 daAuts
     D:5: 726 daAuts
     D:2: 605 daAuts
    D:11: 221 daAuts
